PCL
VANCOUVER VIPERS @ WALLA WALLA ALL-STARS
06/07/2023
 
TOP OF THE 1ST
Vancouver Vipers batting - Pitching for Walla Walla All-Stars : RHP León Trevino
Pitching: RHP León Trevino
Batting: LHB Marcos Cantú 0-0: Ball
1-0: Ball
2-0: Ground out 4-3 (Groundball, 4M)
Batting: LHB Mike Williams 0-0: Ball
1-0: Ball
2-0: Ball
3-0: Called Strike
3-1: Foul Ball, location: 2F
3-2: Base on Balls
Batting: SHB Henry Copeland 0-0: Ball
1-0: Called Strike
1-1: SINGLE (Groundball, 3D)
Mike Williams to second
Runner from 2nd tries for 3rd, SAFE, throw made to third
Batting: LHB Javier Matos 0-0: Foul Ball, location: 2F
0-1: DOUBLE (Line Drive, 9LM)
Mike Williams scores
Henry Copeland to third
Pinch Runner at 2nd Xavier Feliciano:
Batting: RHB Kenneth Corbitt 0-0: Ball
1-0: Ball
2-0: Ball
3-0: Called Strike
3-1: Swinging Strike
3-2: Base on Balls
Batting: RHB Pedro Fuentes 0-0: Called Strike
0-1: Foul Ball, location: 2F
0-2: Foul Ball, location: 2F
0-2: Ball
1-2: Foul Ball, location: 2F
1-2: Ball
2-2: Strikes out swinging
Batting: RHB Lorenzo González 0-0: Swinging Strike
0-1: GRAND SLAM HOME RUN (Line Drive, 7D), Distance : 398 ft
Batting: LHB Ray Spencer 0-0: Called Strike
0-1: Foul Ball, location: 2F
0-2: Ball
1-2: Strikes out looking
Top of the 1st over - 5 run(s), 3 hit(s), 0 error(s), 0 left on base; Vancouver 5 - Walla Walla 0
BOTTOM OF THE 1ST
Walla Walla All-Stars batting - Pitching for Vancouver Vipers : RHP José González
Pitching: RHP José González
Now at C: Xavier Feliciano
Batting: RHB Leslie Penn 0-0: Ball
1-0: Foul Ball, location: 2F
1-1: Swinging Strike
1-2: Ball
2-2: Strikes out swinging
Batting: SHB Sean Carr 0-0: Swinging Strike
0-1: SINGLE (Groundball, 15) (infield hit)
Batting: RHB Lorenzo Morín 0-0: Called Strike
0-1: Fly out, F8 (Flyball, 89D)
Batting: RHB Claudio Guerra 0-0: Foul Ball, location: 2F
0-1: Ball
1-1: Foul Ball, location: 2F
1-2: Strikes out looking
Bottom of the 1st over - 0 run(s), 1 hit(s), 0 error(s), 1 left on base; Vancouver 5 - Walla Walla 0
TOP OF THE 2ND
Vancouver Vipers batting - Pitching for Walla Walla All-Stars : RHP León Trevino
Batting: RHB Cristo Gilera 0-0: Ball
1-0: Ball
2-0: Ground out 5-3 (Groundball, 5L)
Batting: LHB Marcos Cantú 0-0: Ball
1-0: Called Strike
1-1: Ball
2-1: Ground out 6-3 (Groundball, 6MS)
Batting: LHB Mike Williams 0-0: Called Strike
0-1: Ball
1-1: Ball
2-1: Foul Ball, location: 2F
2-2: Ball
3-2: Base on Balls
Batting: SHB Henry Copeland 0-0: Called Strike
0-1: Ball
1-1: Called Strike
Single, Error in OF, E8, batter to second base
Mike Williams to third
Batting: RHB Xavier Feliciano 0-0: Ball
1-0: Ball
2-0: Ball
3-0: Base on Balls
Batting: RHB Kenneth Corbitt 0-0: Ball
1-0: Ground out 4-3 (Groundball, 4)
Top of the 2nd over - 0 run(s), 1 hit(s), 1 error(s), 3 left on base; Vancouver 5 - Walla Walla 0
BOTTOM OF THE 2ND
Walla Walla All-Stars batting - Pitching for Vancouver Vipers : RHP José González
Batting: LHB Keith Beard 0-0: Called Strike
0-1: Swinging Strike
0-2: SINGLE (Line Drive, 8RS)
Batting: RHB Pablo Lucero 0-0: Called Strike
0-1: Fly out, F4 (Popup, 3D)
Batting: LHB Mike Young 0-0: Called Strike
0-1: Ball
1-1: Ball
2-1: Ground out 5-3 (Groundball, 5S)
Keith Beard to second
Batting: RHB Jim Dunbar 0-0: Ball
1-0: Foul Ball, location: 2F
1-1: Swinging Strike
1-2: Foul Ball, location: 2F
1-2: Fly out, F3 (Popup, 3F)
Bottom of the 2nd over - 0 run(s), 1 hit(s), 0 error(s), 1 left on base; Vancouver 5 - Walla Walla 0
TOP OF THE 3RD
Vancouver Vipers batting - Pitching for Walla Walla All-Stars : RHP León Trevino
Batting: RHB Pedro Fuentes 0-0: Called Strike
0-1: Ball
1-1: Ball
2-1: Ground out 4-3 (Groundball, 4)
Batting: RHB Lorenzo González 0-0: Ball
1-0: Ball
2-0: Called Strike
2-1: Foul Ball, location: 2F
2-2: Strikes out looking
Batting: LHB Ray Spencer 0-0: Foul Ball, location: 2F
0-1: SINGLE (Groundball, 34D)
Batting: RHB Cristo Gilera 0-0: Called Strike
0-1: Called Strike
0-2: Ball
1-2: SINGLE (Groundball, 23) (infield hit)
Ray Spencer to second
Batting: LHB Marcos Cantú 0-0: Called Strike
0-1: Called Strike
0-2: Ball
1-2: Foul Ball, location: 2F
1-2: Strikes out swinging
Top of the 3rd over - 0 run(s), 2 hit(s), 0 error(s), 2 left on base; Vancouver 5 - Walla Walla 0
BOTTOM OF THE 3RD
Walla Walla All-Stars batting - Pitching for Vancouver Vipers : RHP José González
Batting: SHB Clinton Watson 0-0: Foul Ball, location: 2F
0-1: SINGLE (Line Drive, 4MD)
Batting: RHB Leslie Penn 0-0: Called Strike
0-1: Foul Ball, location: 2F
0-2: Ball
1-2: Foul Ball, location: 2F
1-2: Foul Ball, location: 2F
1-2: Strikes out swinging
Batting: SHB Sean Carr 0-0: Ball
1-0: Ball
Clinton Watson is caught stealing 2nd base
2-0: Ground out 1-3 (Groundball, 15)
Bottom of the 3rd over - 0 run(s), 1 hit(s), 0 error(s), 0 left on base; Vancouver 5 - Walla Walla 0
TOP OF THE 4TH
Vancouver Vipers batting - Pitching for Walla Walla All-Stars : RHP León Trevino
Batting: LHB Mike Williams 0-0: Ball
1-0: Ball
2-0: Ground out 4-3 (Groundball, 4)
Batting: SHB Henry Copeland 0-0: Ball
1-0: Ground out 4-3 (Groundball, 34)
Batting: RHB Xavier Feliciano 0-0: Called Strike
0-1: Ball
1-1: Called Strike
1-2: Strikes out swinging
Top of the 4th over - 0 run(s), 0 hit(s), 0 error(s), 0 left on base; Vancouver 5 - Walla Walla 0
BOTTOM OF THE 4TH
Walla Walla All-Stars batting - Pitching for Vancouver Vipers : RHP José González
Batting: RHB Lorenzo Morín 0-0: Ball
1-0: Called Strike
1-1: Ball
2-1: Foul Ball, location: 2F
2-2: Ball
3-2: Base on Balls
Batting: RHB Claudio Guerra 0-0: Ball
1-0: Ball
2-0: Ball
3-0: Called Strike
3-1: Fly out, F8 (Line Drive, 89S)
Batting: LHB Keith Beard 0-0: Called Strike
0-1: Foul Ball, location: 2F
0-2: Strikes out swinging
Batting: RHB Pablo Lucero 0-0: Foul Ball, location: 2F
0-1: Foul Ball, location: 2F
0-2: Ball
1-2: Ball
2-2: Strikes out swinging
Bottom of the 4th over - 0 run(s), 0 hit(s), 0 error(s), 1 left on base; Vancouver 5 - Walla Walla 0
TOP OF THE 5TH
Vancouver Vipers batting - Pitching for Walla Walla All-Stars : RHP León Trevino
Batting: RHB Kenneth Corbitt 0-0: Called Strike
0-1: Foul Ball, location: 2F
0-2: Ball
1-2: Ball
2-2: Ball
3-2: Strikes out swinging
Batting: RHB Pedro Fuentes 0-0: Ball
1-0: SINGLE (Line Drive, 5D)
Batting: RHB Lorenzo González 0-0: Ball
1-0: Foul Ball, location: 2F
1-1: Ball
Pedro Fuentes steals 2nd base
2-1: 2-RUN HOME RUN (Line Drive, 9LD), Distance : 363 ft
Batting: LHB Ray Spencer 0-0: Ball
1-0: Ball
2-0: Ball
3-0: Base on Balls
Pitching: LHP Pedro Torres
Batting: RHB Cristo Gilera 0-0: Ball
1-0: Called Strike
1-1: Ball
2-1: Ball
3-1: Foul Ball, location: 2F
3-2: Base on Balls
Ray Spencer to second
Batting: LHB Marcos Cantú 0-0: Ball
1-0: Ball
2-0: Swinging Strike
2-1: Fielders Choice at 2nd, 4-6 (Groundball, 4M)
Ray Spencer to third
Batting: LHB Mike Williams 0-0: Called Strike
0-1: Ball
1-1: Called Strike
1-2: Foul Ball, location: 2F
1-2: Foul Ball, location: 2F
1-2: Ball
2-2: Ball
3-2: Base on Balls
Marcos Cantú to second
Batting: SHB Henry Copeland 0-0: Foul Ball, location: 2F
0-1: Ball
1-1: Ball
2-1: GRAND SLAM HOME RUN (Flyball, 7D), Distance : 386 ft
Batting: RHB Xavier Feliciano 0-0: Ball
1-0: Called Strike
1-1: Ball
2-1: Ground out 6-3 (Groundball, 6)
Top of the 5th over - 6 run(s), 3 hit(s), 0 error(s), 0 left on base; Vancouver 11 - Walla Walla 0
BOTTOM OF THE 5TH
Walla Walla All-Stars batting - Pitching for Vancouver Vipers : RHP José González
Batting: LHB Mike Young 0-0: SINGLE (Flyball, 7S)
Batting: RHB Jim Dunbar 0-0: Called Strike
0-1: Swinging Strike
0-2: Ball
1-2: Foul Ball, location: 2F
1-2: Strikes out swinging
Batting: SHB Clinton Watson 0-0: Called Strike
0-1: Foul Ball, location: 2F
0-2: Ball
1-2: Ball
2-2: Ball
3-2: SINGLE (Line Drive, 78M)
Mike Young to second
Mike Young to third
Batting: RHB Leslie Penn 0-0: SINGLE (Groundball, 6M)
Mike Young scores
Clinton Watson to second
Runner from 2nd tries for 3rd, SAFE, no throw or cutoff
Batting: SHB Sean Carr 0-0: Called Strike
0-1: Ball
1-1: Ball
2-1: Ball
3-1: Grounds into double play, 5-4-3 (Groundball, 5L)
Bottom of the 5th over - 1 run(s), 3 hit(s), 0 error(s), 1 left on base; Vancouver 11 - Walla Walla 1
TOP OF THE 6TH
Vancouver Vipers batting - Pitching for Walla Walla All-Stars : LHP Pedro Torres
Batting: RHB Kenneth Corbitt 0-0: Ground out 1-3 (Groundball, 15)
Batting: RHB Pedro Fuentes 0-0: Called Strike
0-1: Ground out 6-3 (Groundball, 6)
Batting: RHB Lorenzo González 0-0: Ball
1-0: Ball
2-0: SINGLE (Line Drive, 7LS)
Batting: LHB Ray Spencer 0-0: Ball
1-0: Ball
2-0: Foul Ball, location: 2F
2-1: Foul Ball, location: 2F
2-2: Foul Ball, location: 2F
2-2: Foul Ball, location: 2F
2-2: Foul Ball, location: 2F
2-2: Foul Ball, location: 2F
2-2: SINGLE (Line Drive, 9S)
Lorenzo González to second
Pinch Hitting: RHB Howard Lane 0-0: Ball
1-0: SINGLE (Groundball, 15S) (infield hit)
Lorenzo González to third
Ray Spencer to second
Batting: LHB Marcos Cantú 0-0: Ball
1-0: Ball
2-0: Ball
3-0: Base on Balls
Lorenzo González scores
Ray Spencer to third
Howard Lane to second
Pitching: RHP António Benítez
Batting: LHB Mike Williams 0-0: Foul Ball, location: 2F
0-1: Ball
1-1: Foul Ball, location: 2F
1-2: Strikes out looking
Top of the 6th over - 1 run(s), 3 hit(s), 0 error(s), 3 left on base; Vancouver 12 - Walla Walla 1
BOTTOM OF THE 6TH
Walla Walla All-Stars batting - Pitching for Vancouver Vipers : RHP José González
Now at SS: Richard Bowman
Batting: RHB Lorenzo Morín 0-0: Called Strike
0-1: Ground out 6-3 (Groundball, 6)
Batting: RHB Claudio Guerra 0-0: Ball
1-0: SINGLE (Line Drive, 56D)
Batting: LHB Keith Beard 0-0: Called Strike
0-1: Ball
1-1: Ball
2-1: SINGLE (Groundball, 34D)
Claudio Guerra to second
Batting: RHB Pablo Lucero 0-0: Ball
1-0: Fly out, F8 (Flyball, 8LM)
Batting: LHB Mike Young 0-0: Called Strike
0-1: Foul Ball, location: 2F
0-2: Ball
1-2: Ground out 6-3 (Groundball, 6)
Bottom of the 6th over - 0 run(s), 2 hit(s), 0 error(s), 2 left on base; Vancouver 12 - Walla Walla 1
TOP OF THE 7TH
Vancouver Vipers batting - Pitching for Walla Walla All-Stars : RHP António Benítez
Batting: SHB Henry Copeland 0-0: Ball
1-0: Called Strike
1-1: SINGLE (Line Drive, 9S)
Batting: RHB Xavier Feliciano 0-0: Ball
1-0: Foul Ball, location: 2F
1-1: 2-RUN HOME RUN (Flyball, 7LD), Distance : 368 ft
Batting: RHB Kenneth Corbitt 0-0: Ball
1-0: Swinging Strike
1-1: Ball
2-1: Ball
3-1: Foul Ball, location: 2F
3-2: TRIPLE (Line Drive, 8RD)
Batting: RHB Pedro Fuentes 0-0: Called Strike
0-1: Swinging Strike
0-2: Ball
1-2: Strikes out looking
Batting: RHB Lorenzo González 0-0: Ball
1-0: Ball
2-0: Foul Ball, location: 2F
2-1: Ball
3-1: Base on Balls
Batting: LHB Ray Spencer 0-0: Ball
1-0: Foul Ball, location: 2F
1-1: Ball
2-1: SINGLE (Line Drive, 8RS)
Kenneth Corbitt scores
Lorenzo González to second
Batting: SHB Richard Bowman 0-0: SINGLE (Flyball, 4MD)
Lorenzo González to third
Ray Spencer to second
Runner from 3rd tries for Home, SAFE, no throw or cutoff
Pitching: RHP William Tagg
Batting: LHB Marcos Cantú 0-0: Foul Ball, location: 2F
0-1: Ball
1-1: Ball
Ray Spencer is caught stealing 3rd base
Richard Bowman to second
2-1: Called Strike
2-2: Foul Ball, location: 2F
2-2: Foul Ball, location: 2F
2-2: Fly out, F7 (Flyball, 7D)
Top of the 7th over - 4 run(s), 5 hit(s), 0 error(s), 1 left on base; Vancouver 16 - Walla Walla 1
BOTTOM OF THE 7TH
Walla Walla All-Stars batting - Pitching for Vancouver Vipers : RHP José González
Pitching: RHP Martin Atkins
Batting: RHB Jim Dunbar 0-0: Foul Ball, location: 2F
0-1: Ball
1-1: Foul Ball, location: 2F
1-2: Strikes out swinging
Batting: SHB Clinton Watson 0-0: Foul Ball, location: 2F
0-1: Ball
1-1: Foul Ball, location: 2F
1-2: Foul Ball, location: 2F
1-2: Fly out, F5 (Popup, 5SF)
Batting: RHB Leslie Penn 0-0: Ball
1-0: Called Strike
1-1: Ball
2-1: DOUBLE (Flyball, 7LM)
Batting: SHB Sean Carr 0-0: Ball
1-0: Foul Ball, location: 2F
1-1: Ball
2-1: Swinging Strike
2-2: Fly out, F6 (Popup, 6M)
Bottom of the 7th over - 0 run(s), 1 hit(s), 0 error(s), 1 left on base; Vancouver 16 - Walla Walla 1
TOP OF THE 8TH
Vancouver Vipers batting - Pitching for Walla Walla All-Stars : RHP William Tagg
Batting: LHB Mike Williams 0-0: Called Strike
0-1: DOUBLE (Line Drive, 78M)
Batting: SHB Henry Copeland 0-0: Ball
1-0: Called Strike
1-1: Called Strike
1-2: Strikes out looking
Batting: RHB Xavier Feliciano 0-0: Ball
1-0: SINGLE (Line Drive, 9LM)
Mike Williams to third
Runner from 3rd tries for Home, SAFE, no throw or cutoff
Batting: RHB Kenneth Corbitt 0-0: SINGLE (Line Drive, 34D)
Xavier Feliciano to second
Batting: RHB Pedro Fuentes 0-0: Called Strike
0-1: Ball
1-1: Ball
2-1: Ball
3-1: Base on Balls
Xavier Feliciano to third
Kenneth Corbitt to second
Batting: RHB Lorenzo González 0-0: Ball
1-0: Fly out, F8 (Flyball, 8RD)
Runner from 3rd tags up, SCORES, no throw
Kenneth Corbitt to third
Batting: LHB Ray Spencer 0-0: Ball
1-0: Called Strike
1-1: Ball
2-1: Ground out 3-1 (Groundball, 3)
Top of the 8th over - 2 run(s), 3 hit(s), 0 error(s), 2 left on base; Vancouver 18 - Walla Walla 1
BOTTOM OF THE 8TH
Walla Walla All-Stars batting - Pitching for Vancouver Vipers : RHP Martin Atkins
Batting: RHB Lorenzo Morín 0-0: Foul Ball, location: 2F
0-1: Ball
1-1: Ball
2-1: Ball
3-1: Ground out 6-3 (Groundball, 6M)
Batting: RHB Claudio Guerra 0-0: DOUBLE (Line Drive, 7LS)
Batting: LHB Keith Beard 0-0: Called Strike
0-1: Foul Ball, location: 2F
0-2: SINGLE (Line Drive, 4)
Claudio Guerra to third
Batting: RHB Pablo Lucero 0-0: Foul Ball, location: 2F
0-1: Swinging Strike
0-2: Hit by Pitch
Keith Beard to second
Batting: LHB Mike Young 0-0: Called Strike
0-1: Ball
1-1: Foul Ball, location: 2F
1-2: Ball
2-2: Strikes out looking
Batting: RHB Jim Dunbar 0-0: Foul Ball, location: 2F
0-1: Ball
1-1: Swinging Strike
1-2: Strikes out swinging passed ball, reaches first!
Claudio Guerra scores
Keith Beard to third
Pablo Lucero to second
Batting: SHB Clinton Watson 0-0: Ground out U3 (Groundball, 3S)
Bottom of the 8th over - 1 run(s), 2 hit(s), 0 error(s), 3 left on base; Vancouver 18 - Walla Walla 2
TOP OF THE 9TH
Vancouver Vipers batting - Pitching for Walla Walla All-Stars : RHP William Tagg
Pitching: LHP Pepe Caro
Batting: SHB Richard Bowman 0-0: Foul Ball, location: 2F
0-1: Called Strike
0-2: Foul Ball, location: 2F
0-2: Hit by Pitch
Batting: LHB Marcos Cantú 0-0: Sac Bunt - play at first, batter OUT! 4-3
Richard Bowman to second
Batting: LHB Mike Williams 0-0: Ball
1-0: Ball
2-0: Called Strike
2-1: Foul Ball, location: 2F
2-2: Strikes out swinging
Batting: SHB Henry Copeland 0-0: Ball
1-0: SINGLE (Line Drive, 9LS)
Richard Bowman to third
Runner from 3rd tries for Home, SAFE, no throw or cutoff
Batting: RHB Xavier Feliciano 0-0: Ball
1-0: Foul Ball, location: 2F
1-1: Fly out, F8 (Flyball, 8RD)
Top of the 9th over - 1 run(s), 1 hit(s), 0 error(s), 1 left on base; Vancouver 19 - Walla Walla 2
BOTTOM OF THE 9TH
Walla Walla All-Stars batting - Pitching for Vancouver Vipers : RHP Martin Atkins
Batting: RHB Leslie Penn 0-0: Ball
1-0: Ground out 4-3 (Groundball, 4M)
Batting: SHB Sean Carr 0-0: Called Strike
0-1: Called Strike
0-2: Strikes out swinging
Batting: RHB Lorenzo Morín 0-0: DOUBLE (Line Drive, 7LM)
Batting: RHB Claudio Guerra 0-0: Ball
1-0: Ball
2-0: 2-RUN HOME RUN (Flyball, 7D), Distance : 386 ft
Batting: LHB Keith Beard 0-0: Ball
1-0: Hit by Pitch
Batting: RHB Pablo Lucero 0-0: Called Strike
0-1: Called Strike
0-2: DOUBLE (Flyball, 7S)
Keith Beard to third
Runner from 3rd tries for Home, SAFE, no throw or cutoff
Batting: LHB Mike Young 0-0: SINGLE (Line Drive, 6MD)
Pablo Lucero to third
Runner from 3rd tries for Home, SAFE, no throw or cutoff
Pitching: LHP Jeff Catron
Batting: RHB Jim Dunbar 0-0: Called Strike
0-1: Swinging Strike
0-2: Strikes out swinging
Bottom of the 9th over - 4 run(s), 4 hit(s), 0 error(s), 1 left on base; Vancouver 19 - Walla Walla 6
This league is powered by Out of the Park Baseball, the baseball management simulation game for PC, Mac and Linux
Wednesday, December 2nd, 2015 - OOTP Baseball 16.8 Build 38